 Dungeon Crawl Stone Soup version 0.29.0-11-gd7f09526c8 (webtiles) character file.

Game seed: 5074964243922690101

144 RascalDebosk the Covered (level 5, -7/47 HPs)
             Began as a Minotaur Fighter on Sept 4, 2022.
             Mangled by Crazy Yiuf
             ... wielding a +4 quarterstaff of chaos
              (10 damage)
             ... on level 2 of the Dungeon.
             The game lasted 00:11:49 (2135 turns).

RascalDebosk the Covered (Minotaur Fighter)         Turns: 2135, Time: 00:11:50

Health: -7/47      AC:  9    Str: 23    XL:     5   Next: 5%
Magic:  4/4        EV:  9    Int:  5    God:
Gold:   81         SH:  9    Dex:  9    Spells: 4/4 levels left

rFire   . . .      SeeInvis .   a - +0 war axe
rCold   . . .      Faith    .   c - +0 buckler
rNeg    . . .      Spirit   .   b - +0 scale mail
rPois   .          Reflect  +   (helmet restricted)
rElec   .          Harm     .   m - +0 cloak
rCorr   .          Rampage  .   n - +0 pair of gloves
Will    .....                   (no boots)
Stlth   ..........              l - amulet of reflection
HPRegen 0.15/turn               (no ring)
MPRegen 0.09/turn               (no ring)

@: no status effects
A: horns 2, retaliatory headbutt
a: no special abilities


You were on level 2 of the Dungeon.
You visited 1 branch of the dungeon, and saw 3 of its levels.

You collected 81 gold pieces.

Inventory:

Hand Weapons
 a - a +0 war axe (weapon)
Armour
 b - a +0 scale mail (worn)
 c - a +0 buckler (worn)
 m - a +0 cloak (worn)
 n - a +0 pair of gloves (worn)
Jewellery
 g - an amulet of guardian spirit
 l - an amulet of reflection (around neck)
Scrolls
 e - a scroll of enchant armour {unknown}
 f - 2 scrolls of teleportation {unknown}
 i - 2 scrolls of noise {unknown}
 k - a scroll of fear {unknown}
 o - a scroll of amnesia {unknown}
 r - a scroll of identify {unknown}
Potions
 d - a potion of might
 h - a potion of invisibility {unknown}
 j - 2 potions of attraction {unknown}
 p - 2 potions of heal wounds {unknown}
 q - a potion of experience {unknown}
 s - a potion of flight {unknown}


   Skills:
 + Level 4.4 Fighting
 + Level 3.5 Axes
 + Level 1.9 Throwing
 + Level 4.5 Armour
 + Level 4.4 Shields


You had 4 spell levels left.
You didn't know any spells.
Your spell library was empty.

Dungeon Overview and Level Annotations

Branches:
Dungeon (3/15)

Altars:

Annotations:
D:2 Crazy Yiuf


Innate Abilities, Weirdness & Mutations

You have a pair of horns on your head.
You reflexively headbutt those who attack you in melee.


Message History

A worm comes into view.
A kobold comes into view. It is wielding a +0 dagger.
You block the kobold's attack. The kobold attacks as you move away!
The kobold barely misses you.
You hit the kobold.
You kill the kobold!
You barely miss the worm. You block the worm's attack.
You completely miss the worm. The worm barely misses you.
You furiously retaliate!
You headbutt the worm! You barely miss the worm.
The worm is heavily wounded.
You hit the worm.
The worm is almost dead.
The worm bites you!
You hit the worm.
You kill the worm!
Found a hammer.
Found a runed translucent door.
Crazy Yiuf shouts!
Crazy Yiuf grits, "Flower poople meccalolo!"
You open the door. You hit Crazy Yiuf but do no damage.
You block Crazy Yiuf's attack.
Crazy Yiuf laughs, "Mugger sing-song seventy!"
Crazy Yiuf closely misses you.
You barely miss Crazy Yiuf.
Crazy Yiuf hits you with a +4 quarterstaff of chaos!
You hit Crazy Yiuf but do no damage. Crazy Yiuf completely misses you.
You furiously retaliate!
You headbutt Crazy Yiuf. You closely miss Crazy Yiuf.
Crazy Yiuf is lightly wounded.
Crazy Yiuf says, "Whiteboard!
Two sizzlefizz wrapper."
Crazy Yiuf hits you with a +4 quarterstaff of chaos!
Crazy Yiuf freezes you.
Crazy Yiuf hits you with a +4 quarterstaff of chaos!
* * * LOW HITPOINT WARNING * * *
Crazy Yiuf freezes you.
* * * LOW HITPOINT WARNING * * *
You hit Crazy Yiuf.
Crazy Yiuf is moderately wounded.
Crazy Yiuf hits you with a +4 quarterstaff of chaos!
You die...

####♣♣ ###
##....♣♣ ♣♣#..)#
#......♣♣♣♣@g...#
#.......♣..♣#...#
#.#....♣.♣♣♣ ###
#.###♣♣♣♣♣ #.#
### #.##### # ..
#.##..# #. #.###
#.....#
...###....
####..#
.....#..##


You could see Crazy Yiuf.

Vanquished Creatures
  The ghost of Haiku the Trooper, a weakling DrMo (D:3)
  A hound (D:3)
  2 adders (D:2)
  A worm (D:2)
  2 dart slugs (D:1)
  An orc (D:3)
  3 endoplasms (D:2)
  2 giant cockroaches
  3 goblins
  2 hobgoblins
  4 kobolds
  3 quokkas
  6 ball pythons
  5 bats
  3 frilled lizards
  6 rats
45 creatures vanquished.

Vanquished Creatures (others)
  2 plants (D:1)
2 creatures vanquished.

Grand Total: 47 creatures vanquished

Notes
Turn   | Place    | Note
-------+----------+-------------------------------------------
     0 | D:1      | RascalDebosk the Minotaur Fighter began the quest for the
                  | Orb.
     0 | D:1      | Reached XP level 1. HP: 19/19 MP: 0/0
   583 | D:1      | Reached XP level 2. HP: 27/27 MP: 1/1
  1142 | D:1      | Found a faded altar of an unknown god.
  1355 | D:2      | Reached XP level 3. HP: 33/33 MP: 2/2
  1375 | D:2      | Reached skill level 1 in Throwing
  1541 | D:2      | You fall into a shaft and drop 1 floor!
  1560 | D:3      | Found a runed translucent door.
  1569 | D:3      | Noticed Haiku's ghost (weakling DrMo)
  1598 | D:3      | Killed Haiku's ghost
  1599 | D:3      | Reached XP level 4. HP: 29/40 MP: 3/3
  1841 | D:2      | Reached XP level 5. HP: 47/47 MP: 4/4
  2126 | D:2      | Found a runed translucent door.
  2127 | D:2      | Noticed Crazy Yiuf
  2135 | D:2      | Mangled by Crazy Yiuf

Illustrated notes

Levels and vault maps discovered:
D:1:      lemuel_arrival_hallway, layout_basic,
          dilly_ecumenical_altar_fadedgnrine
D:2:      layout_loops_ring, amethyst_killhole, chequers_jeans,
          uniq_crazy_yiuf_cottage
D:3:      layout_basic, hellmonk_ghost_happy_afterlife, minmay_ruptured

Skill      XL: |  1  2  3 |
---------------+----------+-----
Fighting       | 4 |  4.4
Armour         | 4 |  4.5
Shields        | 4 |  4.4
Throwing       | 1 |  1.9
Axes           | 3 |  3.5

Action                   |  1- 3 |  4- 6 || total
-------------------------+-------+-------++-------
Melee: War axe           |    96 |    22 ||   118
       Headbutt          |     8 |     2 ||    10
Armor: Scale mail        |    50 |     9 ||    59
Dodge: Dodged            |    44 |    15 ||    59
Block: Buckler           |    28 |    13 ||    41
